AoeStats
← Bugsibär

Enclosed

504731814Analyzed
1v1 RM · 27d ago on Sep 6, 2026· 48m 4s· 2 players
Game mode
Random Map
Map size
Tiny (2 player)
Population
200
Speed
Normal
Resources
Standard
Victory
Conquest
Starting age
Dark Age
Ending age
Imperial Age
RankedLock teamsTeams togetherTeam positionsShared explorationLock speedFull tech treeHidden civsTurbo modeCheats
Victory
Defeat
🇨🇿 Italians · Czechia
1834
+14
🇩🇪 Ethiopians · Germany
1789
-14
Bugsibär
7:17 Loom
9:45 Feudal Age
10:27 Double-Bit Axe
12:38 Fletching
16:11 Wheelbarrow
21:24 Castle Age
19:51 Horse Collar
20:35 Padded Archer Armor
25:26 Bow Saw
25:17 Heavy Plow
29:27 Bodkin Arrow
29:49 Crossbowman
33:32 Ballistics
37:37 Imperial Age
35:39 Thumb Ring
36:20 Scale Mail Armor
36:31 Forging
37:38 Chain Mail Armor
37:54 Squires
37:39 Arson
38:58 Elite Skirmisher
40:19 Leather Archer Armor
41:35 Chemistry
41:32 Ring Archer Armor
41:04 Bracer
43:16 Plate Mail Armor
47:41 Siege Engineers
Nasup
6:23 Loom
6:50 Loom
9:03 Feudal Age
9:37 Double-Bit Axe
9:33 Horse Collar
13:50 Fletching
20:10 Castle Age
18:29 Padded Archer Armor
20:12 Crossbowman
20:48 Bodkin Arrow
21:36 Leather Archer Armor
26:37 Bow Saw
27:56 Wheelbarrow
33:47 Imperial Age
31:57 Scale Barding Armor
32:43 Ballistics
32:42 Thumb Ring
33:06 Gold Mining
34:31 Bracer
33:52 Arbalester
35:57 Chemistry
34:29 Light Cavalry
35:19 Bloodlines
34:40 Elite Skirmisher
36:58 Husbandry
41:22 Chain Barding Armor
42:38 Plate Barding Armor
43:51 Hussar
Connection lost

Rejoining the realm…

Still unreachable

The connection could not be restored.

Session expired

The server has moved on; the page needs a fresh start.